[Event "*** Titled Tuesday Blitz"]
[Site "Chess.com"]
[Date "2020.04.07"]
[Round "9"]
[White "nurgyulsalimova"]
[Black "diskeleven"]
[Result "1-0"]
[WhiteElo "2557"]
[BlackElo "2368"]
[TimeControl "180+1"]
[EndTime "14:46:04 PDT"]
[Termination "nurgyulsalimova won on time"]

1. c4 b6 2. d4 Bb7 3. Nc3 e6 4. e3 Bb4 5. f3 f5 6. Bd3 Nf6 7. Ne2 O-O 8. O-O d5 9. a3 Be7 10. b4 c6 11. Bb2 Nbd7 12. e4 fxe4 13. fxe4 e5 14. Qb3 dxc4 15. Bxc4+ Kh8 16. Rad1 Qe8 17. Kh1 Qh5 18. Ng3 Qg6 19. d5 Ng4 20.
Nf5 Bg5 21. dxc6 Bxc6 22. Rd6 Qh5 23. h3 Rxf5 24. Rxf5 Qh4 25. Rf3 Nf2+ 26. Kg1 1-0

[Event "*** Titled Tuesday Blitz"]
[Site "Chess.com"]
[Date "2020.04.07"]
[Round "9"]
[White "Msb2"]
[Black "Gajuchess"]
[Result "1-0"]
[WhiteElo "2914"]
[BlackElo "2687"]
[TimeControl "180+1"]
[EndTime "14:46:08 PDT"]
[Termination "Msb2 won by resignation"]

1. d4 Nf6 2. c4 e6 3. Nc3 Bb4 4. e3 O-O 5. Bd2 d5 6. Nf3 b6 7. cxd5 exd5 8. Rc1 Re8 9. Ne5 c5 10. Bb5 Re7 11. O-O a6 12. Bd3 c4 13. Bb1 b5 14. f4 Bd6 15. Qf3 Bb7 16. Be1 b4 17.
Ne2 Ne4 18. Bxe4 dxe4 19. Qh3 f6 20. Nxc4 a5 21. Bg3 Ba6 22. f5 Bxg3 23. Qxg3 Nd7 24. Nf4 Nf8 25. b3 Rc8 26. Rc2 a4 27. Rfc1 Rec7 28.
Nh5 Qe7 29. h4 Qf7 30. Nd6 Qe7 31. Nxf6+ Qxf6 32. Rxc7 Rd8 33. Rf7 Qh6 34. Rcc7 g6 35.
Rg7+ 1-0

[Event "*** Titled Tuesday Blitz"]
[Site "Chess.com"]
[Date "2020.04.07"]
[Round "9"]
[White "TregubovP"]
[Black "killer311"]
[Result "1-0"]
[WhiteElo "2471"]
[BlackElo "2325"]
[TimeControl "180+1"]
[EndTime "14:46:08 PDT"]
[Termination "TregubovP won by resignation"]

1. e4 c5 2. Nf3 Nc6 3. c3 g6 4. d4 cxd4 5. cxd4 Bg7 6. Nc3 d6 7. Bc4 Nf6 8. d5 Nb8 9. O-O O-O 10. h3 Nbd7 11. Re1 a6 12. a4 Nc5 13.
Rb1 a5 14. e5 dxe5 15. Nxe5 Bf5 16. Ra1 Nfe4 17. Nxe4 Bxe4 18. Bf4 Rc8 19. Rc1 Qb6 20. b3 Bf5 21. Ng4 Bxg4 22. hxg4 Rfe8 23. d6 exd6 24. Qxd6 Qxd6 25. Bxd6 Rxe1+ 26. Rxe1 Bc3 27. Re7 Nxa4 28. Bxf7+ Kh8 29. bxa4 Bf6 30. Rxb7 Rc6 31. Bf4 g5 32. Be3 h6 33. Bd5 Rd6 34. Rb5 Bc3 35. g3 Kg7 36.
Kg2 Kf6 37. Be4 Kg7 38. Rb7+ Kg8 39. Rb6 1-0

[Event "*** Titled Tuesday Blitz"]
[Site "Chess.com"]
[Date "2020.04.07"]
[Round "9"]
[White "FabianoCaruana"]
[Black "igorkovalenko"]
[Result "1-0"]
[WhiteElo "3058"]
[BlackElo "2910"]
[TimeControl "180+1"]
[EndTime "14:46:10 PDT"]
[Termination "FabianoCaruana won by resignation"]

1. e4 d5 2. exd5 Qxd5 3. Nc3 Qa5 4. d4 Nf6 5. Nf3 Bf5 6. Bc4 e6 7. Bd2 Bb4 8. a3 Bxc3 9. Bxc3 Qb6 10. Qe2 c6 11. h3 Nbd7 12. O-O O-O 13. b3 a5 14. Bb2 h6 15. Rad1 Rfd8 16. Rfe1 Nd5 17. Qd2 a4 18. b4 Qc7 19. Bf1 b5 20. c4 bxc4 21. Bxc4 N5f6 22. Bf1 Be4 23. Qe3 Bd5 24. Rc1 Qb7 25. Ne5 Ne8 26. Qf4 Nxe5 27. dxe5 Nc7 28. Re3 Nb5 29. Rg3 Kh8 30. Rd1 Qe7 31. Bc1 Qf8 32. Rdd3 g6 33. Rg4 Bb3 34. Qf6+ Qg7 35. Rxd8+ 1-0

[Event "*** Titled Tuesday Blitz"]
[Site "Chess.com"]
[Date "2020.04.07"]
[Round "9"]
[White "fpawn"]
[Black "Walter_White_Poland"]
[Result "1-0"]
[WhiteElo "2311"]
[BlackElo "2133"]
[TimeControl "180+1"]
[EndTime "14:46:10 PDT"]
[Termination "fpawn won by resignation"]

1. e4 e5 2. Nf3 Nc6 3. d4 exd4 4. Nxd4 Bb4+ 5. c3 Bc5 6. Be3 Bb6 7. Bc4 Nf6 8. Nd2 O-O 9. O-O Re8 10. Qc2 Ne5 11.
Be2 d5 12. Rad1 Nfg4 13. exd5 Nxe3 14. fxe3 Qxd5 15. h3 Ng6 16. Bc4 Qd7 17. Bxf7+ Qxf7 18. Rxf7 Kxf7 19. Qb3+ Ke7 20. Rf1 Rf8 21. Qa3+ c5 22. Rxf8 Nxf8 23. N4b3 Ne6 24. Ne4 Bd7 25. Nbxc5 Nxc5 26.
Nxc5 Bxc5 27. Qxc5+ Kf7 28. Qd5+ Kf6 29. Qxb7 Rd8 30.
Qxa7 Be6 31. Qa5 Rd1+ 32. Kh2 Rd2 33. Qb4 Bd5 34. Qf4+ Ke6 35. e4 1-0

[Event "*** Titled Tuesday Blitz"]
[Site "Chess.com"]
[Date "2020.04.07"]
[Round "9"]
[White "2nd_life"]
[Black "SavelijTartakover"]
[Result "0-1"]
[WhiteElo "2412"]
[BlackElo "2609"]
[TimeControl "180+1"]
[EndTime "14:46:11 PDT"]
[Termination "SavelijTartakover won by resignation"]

1. e4 e6 2. d4 d5 3. Nc3 Bb4 4. e5 c5 5. a3 Bxc3+ 6. bxc3 Qa5 7. Bd2 Qa4 8. Qb1 c4 9. h4 f6 10. h5 fxe5 11. h6 Nxh6 12. Bxh6 gxh6 13. dxe5 Nc6 14. Nf3 Bd7 15. Rxh6 O-O-O 16. Be2 Qa5 17. Qb2 Rdf8 18.
Kf1 Rf5 19. Rf6 Rf8 20. Rxf8+ Rxf8 21. Re1 Rf5 22. Bd1 Be8 23. g4 Rf7 24. Kg2 Rg7 25. Kg3 Bg6 26. Rh1 Be4 27. Rh6 Bxf3 28. Bxf3 Re7 29.
Be2 Nxe5 30. f4 Ng6 31. Qb4 Qc7 32. Rxg6 hxg6 33. g5 Rf7 0-1

[Event "*** Titled Tuesday Blitz"]
[Site "Chess.com"]
[Date "2020.04.07"]
[Round "9"]
[White "czasnaszachy"]
[Black "Bagirova"]
[Result "1-0"]
[WhiteElo "2333"]
[BlackElo "2176"]
[TimeControl "180+1"]
[EndTime "14:46:11 PDT"]
[Termination "czasnaszachy won by resignation"]

1. d4 Nf6 2. c4 e6 3. Nc3 c5 4.
d5 exd5 5. cxd5 d6 6. e4 g6 7. f3 Bg7 8. Bg5 O-O 9. Qd2 a6 10. a4 Nbd7 11. Nh3 Rb8 12. Nf2 Re8 13. Be2 Ne5 14. O-O Qc7 15. Rfc1 Bd7 16. Bxf6 Bxf6 17. f4 Ng4 18. Nxg4 Bxg4 19. Bxg4 Bxc3 20. bxc3 Rxe4 21.
Bf3 Re7 22. f5 c4 23. f6 Qc5+ 24. Qf2 Re3 25. Kh1 Rbe8 26. Qh4 h6 27. Qxh6 Re1+ 28. Rxe1 1-0

[Event "*** Titled Tuesday Blitz"]
[Site "Chess.com"]
[Date "2020.04.07"]
[Round "9"]
[White "IMUltimateBeast"]
[Black "LiemLe"]
[Result "0-1"]
[WhiteElo "2665"]
[BlackElo "2949"]
[TimeControl "180+1"]
[EndTime "14:46:12 PDT"]
[Termination "LiemLe won on time"]

1. d4 Nf6 2. Bf4 d5 3. e3 c5 4. c3 Nc6 5. Nd2 Bf5 6. Ngf3 e6 7. Qb3 Qc8 8. h3 h6 9. Bb5 Be7 10. Ne5 Nd7 11. Nxd7 Qxd7 12. O-O a6 13. Be2 c4 14. Qd1 b5 15. a3 O-O 16. g4 Bh7 17. Bg3 a5 18.
Rc1 b4 19. axb4 axb4 20. e4 bxc3 21. bxc3 Ra3 22. f4 Nxd4 23. cxd4 Rxg3+ 24. Kh2 Re3 25. e5 Rb8 26. Rf3 Ra3 27. Nb1 Rxf3 28. Bxf3 Rb2+ 29. Kg1 Qa7 30. f5 Bg5 31. Rc2 Rxc2 32.
Qxc2 Qxd4+ 33. Kg2 Qxe5 34. Nc3 exf5 35. Qe2 Qxe2+ 36.
Bxe2 fxg4 37. Kg3 d4 0-1

[Event "*** Titled Tuesday Blitz"]
[Site "Chess.com"]
[Date "2020.04.07"]
[Round "9"]
[White "albi1999"]
[Black "arctic_t00"]
[Result "0-1"]
[WhiteElo "2572"]
[BlackElo "2448"]
[TimeControl "180+1"]
[EndTime "14:46:12 PDT"]
[Termination "arctic_t00 won by resignation"]

1. d4 Nf6 2. c4 g6 3. Nc3 Bg7 4. e4 d6 5. h3 O-O 6. Nf3 Na6 7. Be3 c5 8. d5 e6 9. Bd3 exd5 10. exd5 Nb4 11. Bb1 b5 12. cxb5 Bb7 13. O-O Nfxd5 14. Bd2 a6 15. a3 axb5 16. Re1 Qd7 17. Qc1 Nxc3 18. Bxc3 Bxc3 19. Qxc3 Nd5 20. Qd2 Nf6 21.
Qf4 Kg7 22. Rd1 Rfd8 23. Ba2 Ra4 24. Qg3 Nh5 25. Qg5 Bxf3 26. Re1 h6 0-1

[Event "*** Titled Tuesday Blitz"]
[Site "Chess.com"]
[Date "2020.04.07"]
[Round "9"]
[White "BillCoe"]
[Black "kallerotmg"]
[Result "0-1"]
[WhiteElo "2014"]
[BlackElo "2192"]
[TimeControl "180+1"]
[EndTime "14:46:12 PDT"]
[Termination "kallerotmg won by resignation"]

1. e4 c5 2. Nf3 a6 3. d4 cxd4 4. Nxd4 Nf6 5. Nc3 e5 6. Nf3 Bb4 7. Bd3 Bxc3+ 8. bxc3 d6 9. O-O O-O 10. Bg5 Be6 11. Qe2 Nbd7 12. h3 Qc7 13. Rab1 Rac8 14.
Rb2 b5 15. a4 Qxc3 16. Rfb1 b4 17. Bxa6 Ra8 18. Bb5 h6 19. Bxf6 Nxf6 20. Rxb4 Rfc8 21.
R1b2 Rc7 22. Nd2 Qc5 23. c4 Rb7 24. Qd3 Nh5 25. Qe3 Nf4 26. Qxc5 dxc5 27. R4b3 Ne2+ 28. Kf1 Nd4 29. Rg3 Rxa4 30. Nf3 Bxc4+ 31. Bxc4 Ra1+ 32. Ne1 Rxb2 0-1

[Event "*** Titled Tuesday Blitz"]
[Site "Chess.com"]
[Date "2020.04.07"]
[Round "9"]
[White "DonPreuss"]
[Black "Andro2"]
[Result "0-1"]
[WhiteElo "2183"]
[BlackElo "2420"]
[TimeControl "180+1"]
[EndTime "14:46:15 PDT"]
[Termination "Andro2 won by resignation"]

1. d4 Nf6 2. Nc3 d6 3. e4 g6 4. f4 Bg7 5. e5 dxe5 6. fxe5 Nd5 7. Nf3 O-O 8. Bc4 Nxc3 9. bxc3 c5 10. O-O Nc6 11. Ng5 e6 12. Ne4 cxd4 13. Bg5 Qc7 14. Nf6+ Kh8 15. Qe1 Nxe5 16. Qh4 h5 17.
Nxh5 gxh5 18. Qxh5+ Kg8 19. Bd3 Nxd3 20. cxd3 Qc5 21. Qg4 dxc3+ 22. Kh1 Qd4 23. Bf6 Qxg4 0-1

[Event "*** Titled Tuesday Blitz"]
[Site "Chess.com"]
[Date "2020.04.07"]
[Round "9"]
[White "guillembaches"]
[Black "ahkashefi2800"]
[Result "1-0"]
[WhiteElo "2442"]
[BlackElo "2224"]
[TimeControl "180+1"]
[EndTime "14:46:16 PDT"]
[Termination "guillembaches won by checkmate"]

1. e4 c6 2. Nf3 d5 3. Nc3 dxe4 4. Nxe4 Nd7 5. Qe2 Ndf6 6. g3 Nxe4 7. Qxe4 Nf6 8. Qe2 Bf5 9. d3 e6 10. Bg2 Be7 11.
O-O O-O 12. b3 a5 13. a4 h6 14. Bb2 Re8 15. Rad1 Bh7 16. Ne5 Nd7 17. Ng4 Bf5 18.
Ne3 Bg6 19. f4 Bf6 20. d4 Qe7 21. Nc4 Rad8 22. Ne5 Bxe5 23. fxe5 Nf8 24. c4 Rd7 25. Bc3 Red8 26. Bxa5 Rc8 27. Bc3 Qa3 28. Qb2 Qxb2 29. Bxb2 Bc2 30. Rc1 Bxb3 31. a5 Ra8 32. Rc3 Ba4 33. Ra3 Bc2 34. c5 Bh7 35. Rff3 Ng6 36.
Rfb3 Ne7 37. Rb6 Ra7 38. a6 Rxa6 39. Raxa6 bxa6 40. Rb8+ Rd8 41. Rxd8# 1-0

[Event "*** Titled Tuesday Blitz"]
[Site "Chess.com"]
[Date "2020.04.07"]
[Round "9"]
[White "OhanyanEminChess"]
[Black "HiHaruka"]
[Result "1-0"]
[WhiteElo "2551"]
[BlackElo "2277"]
[TimeControl "180+1"]
[EndTime "14:46:17 PDT"]
[Termination "OhanyanEminChess won by resignation"]

1. e4 c5 2. Nf3 d6 3. d4 cxd4 4. Nxd4 Nf6 5. Nc3 a6 6. Bc4 e5 7. Nf5 Bxf5 8. exf5 Be7 9. O-O O-O 10. Bb3 Nc6 11. Bg5 Nd4 12. Qd3 Qd7 13. Rad1 Qxf5 14. Qxf5 Nxf5 15. Rfe1 h6 16. Bxf6 Bxf6 17. Nd5 Nd4 18.
c3 Nxb3 19. axb3 Rfd8 20. Rd2 Kf8 21. Red1 Be7 22. Nb6 Rab8 23. Nc4 Rbc8 24. Nxd6 Bxd6 25. Rxd6 Ke7 26. Rxd8 Rxd8 27. Rxd8 Kxd8 28. Kf1 Kd7 29. Ke2 Kd6 30. Kd3 f5 31. b4 b5 32. b3 Kd5 33.
c4+ bxc4+ 34. bxc4+ Kc6 35. Ke3 g5 36. Kd3 Kd6 37. f3 Kc6 38. g4 fxg4 39. fxg4 Kd6 40. Ke4 Ke6 41. h3 Kf6 42. Kd5 h5 43. gxh5 Kf5 44. c5 e4 45. c6 e3 46. c7 e2 47.
c8=Q+ Kf4 48. Qe8 Kf3 49. Qxe2+ Kxe2 50. h6 1-0

[Event "*** Titled Tuesday Blitz"]
[Site "Chess.com"]
[Date "2020.04.07"]
[Round "9"]
[White "meridaandres"]
[Black "TheKingDoctor"]
[Result "1-0"]
[WhiteElo "2270"]
[BlackElo "2097"]
[TimeControl "180+1"]
[EndTime "14:46:19 PDT"]
[Termination "meridaandres won by checkmate"]

1. e4 c6 2. d4 d5 3. exd5 cxd5 4. c4 e6 5. Nc3 Nf6 6. Nf3 Be7 7. cxd5 Nxd5 8.
Bd3 O-O 9. O-O b6 10. Re1 Bb7 11. Rf1 Nd7 12. Re1 N7f6 13. a3 Rc8 14.
Ne5 Nxc3 15. bxc3 Rxc3 16. Bb2 Rc8 17. Qd2 Nd5 18. Rad1 Bg5 19. Qe2 Nf4 20. Qe3 Nxg2 21. Qh3 h6 22. d5 Nxe1 23. dxe6 Qd5 24. exf7+ Rxf7 25. Bh7+ Kxh7 26. Rxd5 Bxd5 27. Qxc8 Nf3+ 28. Nxf3 Bxf3 29. Qc2+ Kg8 30. Be5 Kh8 31. Qb3 Rf5 32. Qe6 Bg4 33. h4 Bxh4 34. Qxh6+ Kg8 35. Qxg7# 1-0

[Event "*** Titled Tuesday Blitz"]
[Site "Chess.com"]
[Date "2020.04.07"]
[Round "9"]
[White "csati17"]
[Black "DDTerziev04"]
[Result "1-0"]
[WhiteElo "2464"]
[BlackElo "2256"]
[TimeControl "180+1"]
[EndTime "14:46:21 PDT"]
[Termination "csati17 won by resignation"]

1. c4 e5 2. g3 c6 3. Bg2 d5 4.
cxd5 cxd5 5. d4 e4 6. h4 Nc6 7.
Nc3 Nf6 8. Nh3 Bb4 9. Bg5 h6 10. Bxf6 Qxf6 11. Nf4 Qxd4 12. Nxd5 Bxc3+ 13. bxc3 Qe5 14. O-O O-O 15. Ne3 Be6 16. Qb1 f5 17. Qxb7 Rfc8 18.
Qa6 Qxc3 19. Rac1 Qxc1 20. Rxc1 Nd4 21. Rd1 Rc6 22. Qa4 Rd8 23. Rxd4 1-0

[Event "*** Titled Tuesday Blitz"]
[Site "Chess.com"]
[Date "2020.04.07"]
[Round "9"]
[White "anesar92"]
[Black "FMAntonio"]
[Result "1-0"]
[WhiteElo "2732"]
[BlackElo "2556"]
[TimeControl "180+1"]
[EndTime "14:46:25 PDT"]
[Termination "anesar92 won on time"]

1. e4 e5 2. Nf3 Nf6 3. Nxe5 d6 4. Nf3 Nxe4 5. d4 d5 6. Bd3 Nc6 7. O-O Be7 8. c4 Nb4 9. cxd5 Nxd3 10. Qxd3 Qxd5 11.
Re1 Bf5 12. Nc3 Nxc3 13. Qxc3 Be6 14. Re5 Qd7 15. d5 Bxd5 16. Rxe7+ Qxe7 17. Bg5 f6 18. Re1 Be6 19. Nd4 O-O-O 20. Nxe6 Rhe8 21. Bd2 Qxe6 22. Rxe6 Rxe6 23. h4 Rc6 24. Qh3+ Rd7 25. Bc3 Rd6 26. Qg4 h6 27. Qe4 Rd5 28. Qe8+ Rd8 29. Qe6+ Kb8 30. g3 a6 31. Kg2 R5d6 32. Qf5 Rd5 33. Qg6 R8d7 34. h5 Ka7 35. a4 b6 36. a5 bxa5 37.
Qe8 Kb7 38. Bxa5 R5d6 39. Qe4+ Rd5 40. Bd2 Kb8 41. Bf4 Kb7 42. Qc4 Kb8 43. Bxc7+ Kb7 44.
Bf4 Rb5 45. Qe4+ Ka7 46. Qc6 1-0

[Event "*** Titled Tuesday Blitz"]
[Site "Chess.com"]
[Date "2020.04.07"]
[Round "9"]
[White "JiangoFett"]
[Black "UCantHandleDenker"]
[Result "0-1"]
[WhiteElo "2305"]
[BlackElo "2473"]
[TimeControl "180+1"]
[EndTime "14:46:26 PDT"]
[Termination "UCantHandleDenker won by resignation"]

1. d4 Nf6 2. c4 c5 3. d5 d6 4. Nc3 g6 5. Nf3 Bg7 6. h3 O-O 7. e4 e6 8. Be2 exd5 9. cxd5 a6 10. a4 Re8 11. Nd2 Nbd7 12. O-O Qc7 13. a5 Rb8 14. Nc4 Nxe4 15. Nxe4 Rxe4 16. Bd3 Re8 17. Bf4 Ne5 18. Nxe5 Bxe5 19. Bxe5 Rxe5 20. Bc2 Bf5 21. f4 Bxc2 22. Qxc2 Rxd5 23. f5 Re8 24. Qa4 Rde5 25. Qh4 c4 26. Rf2 Qc5 27. fxg6 hxg6 28. Rf1 Rf5 29. Kh2 Qe5+ 30.
Kg1 Rxf2 31. Rxf2 Qe1+ 32. Kh2 Qe5+ 33. Kg1 d5 34. Qg4 d4 35. Qd7 Rf8 36. Qxb7 Qe1+ 37. Rf1 Qxa5 38. Qd5 Qxd5 0-1

[Event "*** Titled Tuesday Blitz"]
[Site "Chess.com"]
[Date "2020.04.07"]
[Round "9"]
[White "EnergeticHay"]
[Black "MaxLeto"]
[Result "1-0"]
[WhiteElo "2189"]
[BlackElo "2277"]
[TimeControl "180+1"]
[EndTime "14:46:26 PDT"]
[Termination "EnergeticHay won on time"]

1. e4 c5 2. Nf3 d6 3. d4 cxd4 4. Nxd4 Nf6 5. Nc3 a6 6. h3 e6 7.
g4 Nfd7 8. g5 b5 9. a3 Bb7 10. Be3 Be7 11. h4 Nc6 12. Qd2 Rc8 13.
h5 Nxd4 14. Qxd4 Ne5 15. Be2 Bxg5 16. Bxg5 Qxg5 17. Qxd6 Qf4 18. Qd2 Qxd2+ 19. Kxd2 Rd8+ 20. Ke3 Ke7 21. Rad1 Rxd1 22. Rxd1 Rd8 23. Rxd8 Kxd8 24. Kd4 Nd7 25. e5 f6 26. f4 Ke7 27. exf6+ gxf6 28. Bd3 h6 29. Be4 e5+ 30. fxe5 fxe5+ 31. Ke3 Bxe4 32. Nxe4 Ke6 33. b3 Kf5 34. Kf3 Nb6 35. Nd6+ Kg5 36. Nf7+ 1-0

[Event "*** Titled Tuesday Blitz"]
[Site "Chess.com"]
[Date "2020.04.07"]
[Round "9"]
[White "ftorodent"]
[Black "Chessterra87"]
[Result "1-0"]
[WhiteElo "2607"]
[BlackElo "2342"]
[TimeControl "180+1"]
[EndTime "14:46:28 PDT"]
[Termination "ftorodent won by resignation"]

1. d4 c5 2. d5 b5 3. e4 a6 4.
a4 bxa4 5. Nc3 d6 6. Nf3 g6 7. Be2 Bg7 8. O-O Nf6 9. e5 Ng4 10.
exd6 exd6 11. Bg5 Qb6 12. Nd2 Ne5 13. f4 Qxb2 14. Nde4 Ned7 15. Rb1 Qa3 16. Nxd6+ Kf8 17. Nce4 h6 18. Bh4 Kg8 19. Nxc8 Qe3+ 20. Nf2 Bd4 21.
Kh1 Qxf4 22. Ng4 Qc7 23. Ne7+ Kg7 24. Bf3 g5 25. Bg3 Qd8 26. d6 Nf6 27. Nxf6 Bxf6 28. Bxa8 Nd7 29. Nf5+ Kg6 30. Be4 1-0

[Event "*** Titled Tuesday Blitz"]
[Site "Chess.com"]
[Date "2020.04.07"]
[Round "9"]
[White "AlexOstrovskiy"]
[Black "BobanBogosavljevic"]
[Result "1-0"]
[WhiteElo "2636"]
[BlackElo "2764"]
[TimeControl "180+1"]
[EndTime "14:46:29 PDT"]
[Termination "AlexOstrovskiy won by resignation"]

1. d4 Nf6 2. Bg5 e6 3. Nd2 h6 4. Bh4 c5 5. e3 d5 6. c3 Nbd7 7. Ngf3 Be7 8. Bd3 O-O 9. O-O b6 10. Ne5 Nxe5 11. dxe5 Nd7 12. Bxe7 Qxe7 13. f4 Bb7 14. Qh5 f6 15. Qg6 f5 16. g4 d4 17.
gxf5 exf5 18. Bxf5 Rxf5 19. Qxf5 dxe3 20. Nc4 e2 21. Rf2 Rf8 22. Qg4 Nf6 23. exf6 Rxf6 24. Ne5 Qd6 25. Qxe2 Qd5 26. Qc4 1-0

[Event "*** Titled Tuesday Blitz"]
[Site "Chess.com"]
[Date "2020.04.07"]
[Round "9"]
[White "Berant"]
[Black "Grandmaster2B"]
[Result "0-1"]
[WhiteElo "2359"]
[BlackElo "2533"]
[TimeControl "180+1"]
[EndTime "14:46:30 PDT"]
[Termination "Grandmaster2B won by resignation"]

1. e4 c5 2. Nf3 d6 3. Bb5+ Nd7 4.
d4 cxd4 5. Qxd4 a6 6. Bxd7+ Bxd7 7. a4 e5 8. Qd1 Nf6 9. Qe2 Be7 10. O-O O-O 11.
c4 Qc7 12. Nc3 Rfc8 13. b3 Rab8 14. Bg5 Be6 15. Bxf6 Bxf6 16. Rfd1 Qc5 17. Nd5 Bd8 18. Ra2 b5 19. cxb5 axb5 20. b4 Qc4 21. Qxc4 Rxc4 22.
axb5 Rxe4 23. b6 Bxb6 24. Ra6 Bxd5 25. Rxd5 Rxb4 26. h4 e4 27. Ng5 h6 28. Nh3 Bc5 29. Nf4 e3 30. Nd3 exf2+ 31. Nxf2 Rb1+ 32. Kh2 Bxf2 33. Raxd6 Bxh4 34. Kh3 Bf6 35. Kg4 R8b4+ 36. Kh3 Rh1+ 37. Kg3 Rb3+ 38. Kf2 Bh4+ 39. Ke2 Re1+ 40. Kd2 Rb2+ 41. Kc3 Rxg2 42. Rd3 Bf6+ 43. Kc4 Rc2+ 44. Kd5 Re5+ 45. Kd4 Re6+ 46. Kd5 Rxd6+ 47. Kxd6 Rc8 48.
Rg3 Rd8+ 49. Kc7 Be5+ 50. Kxd8 Bxg3 51. Ke7 h5 52. Kd7 h4 53. Kc6 h3 54. Kd5 h2 55. Ke4 h1=Q+ 56. Kf5 Qf3+ 0-1

[Event "*** Titled Tuesday Blitz"]
[Site "Chess.com"]
[Date "2020.04.07"]
[Round "9"]
[White "Jenia84"]
[Black "PawnEatingZombie"]
[Result "1-0"]
[WhiteElo "2306"]
[BlackElo "2142"]
[TimeControl "180+1"]
[EndTime "14:46:30 PDT"]
[Termination "Jenia84 won on time"]

1. Nf3 d5 2. g3 e6 3. Bg2 b5 4. O-O Bb7 5. d4 Nf6 6. c3 c5 7. Bg5 Nbd7 8. a4 b4 9. dxc5 Bxc5 10. cxb4 Bxb4 11. a5 Be7 12. a6 Bc6 13. Nd4 Qb6 14. Nxc6 Qxc6 15. Nc3 O-O 16. e4 dxe4 17. Nxe4 Qb6 18.
Nxf6+ Nxf6 19. Bxa8 Rxa8 20. Qf3 Rb8 21. b3 h6 22. Bf4 Qxb3 23. Qxb3 Rxb3 24. Be3 Rxe3 25. fxe3 Bc5 26. Kf2 Ng4+ 27. Ke2 Nxe3 28. Rfc1 Bb6 29. Rc8+ Kh7 30. Rb1 Nd5 31. Rxb6 Nxb6 32. Rc7 Nd5 33.
Rxa7 Nb4 34. Ra8 Kg6 35. a7 Nc6 36. Kf2 Kf6 37. Kg2 h5 38. h4 g6 39. Kf2 Ke5 40. Ke3 f6 41. Kf3 Nd4+ 42. Kg2 Nc6 43. Rg8 Nxa7 44. Rxg6 Nc6 45. Rh6 Nd4 46. Rxh5+ f5 47.
Rh8 1-0

[Event "*** Titled Tuesday Blitz"]
[Site "Chess.com"]
[Date "2020.04.07"]
[Round "9"]
[White "AEMEffi"]
[Black "indfraeng"]
[Result "0-1"]
[WhiteElo "2312"]
[BlackElo "2239"]
[TimeControl "180+1"]
[EndTime "14:46:30 PDT"]
[Termination "indfraeng won by checkmate"]

1. d4 d5 2. c4 c6 3. Nc3 Nf6 4. e3 e6 5. Nf3 Nbd7 6. Qc2 Bd6 7.
b3 O-O 8. Be2 b6 9. O-O Bb7 10.
Bb2 Qe7 11. Rfe1 Rac8 12. e4 dxe4 13. Nxe4 Nxe4 14. Qxe4 Nf6 15. Qh4 c5 16. d5 h6 17.
Bd3 Rcd8 18. Qh3 Qc7 19. Bxf6 gxf6 20. Qxh6 f5 21. Ng5 Rfe8 22. Qh7+ Kf8 23. Bxf5 Bxh2+ 24. Kf1 Be5 25. dxe6 Bxa1 26. e7+ Rxe7 27. Qh6+ Ke8 28.
Rxa1 Qe5 29. Bh3 Qxa1# 0-1

[Event "*** Titled Tuesday Blitz"]
[Site "Chess.com"]
[Date "2020.04.07"]
[Round "9"]
[White "IMDT02"]
[Black "BeanScreen"]
[Result "1-0"]
[WhiteElo "2491"]
[BlackElo "2606"]
[TimeControl "180+1"]
[EndTime "14:46:31 PDT"]
[Termination "IMDT02 won on time"]

1. d4 d5 2. c4 dxc4 3. e4 c5 4. d5 e6 5. Bxc4 exd5 6. Bxd5 Bd6 7. Nc3 Nf6 8. Nf3 Nxd5 9. Nxd5 O-O 10. O-O Bg4 11. h3 Bh5 12. Nf4 Bxf3 13. Qxf3 Nc6 14. Be3 Re8 15. Rad1 Qe7 16. Nh5 Rad8 17. Qg4 Be5 18. f4 Bxb2 19. e5 f5 20. Qxf5 Bd4 21. Bxd4 Rxd4 22. Qg4 Red8 23. Rde1 Kh8 24. Ng3 c4 25.
Nf5 Qd7 26. Nxd4 Qxg4 27. hxg4 Nxd4 28. f5 c3 29. e6 b5 30. g5 c2 31. e7 Re8 32. f6 gxf6 33. gxf6 c1=Q 34. Rxc1 Ne2+ 35. Kh2 1-0

[Event "*** Titled Tuesday Blitz"]
[Site "Chess.com"]
[Date "2020.04.07"]
[Round "9"]
[White "joksijoksi"]
[Black "littleozy"]
[Result "1-0"]
[WhiteElo "2277"]
[BlackElo "2434"]
[TimeControl "180+1"]
[EndTime "14:46:31 PDT"]
[Termination "joksijoksi won by resignation"]

1. e4 c6 2. d4 d5 3. f3 e6 4. Nc3 Bb4 5. a3 Bxc3+ 6. bxc3 dxe4 7. Nh3 exf3 8. Qxf3 Nf6 9. Bd3 Nbd7 10. O-O h6 11. Nf4 Qe7 12. a4 Nb6 13. Ba3 Qc7 14. Nh5 Nxh5 15. Qxh5 Nd5 16. Rxf7 Qxf7 17. Bg6 Qxg6 18.
Qxg6+ Kd8 19. Qxg7 Re8 20. c4 Nb6 21. Bd6 Bd7 22.
c5 Nc4 23. Rb1 Nxd6 24. cxd6 b6 25. a5 b5 26. a6 Rb8 27. Qxh6 Rb6 28. c4 Rxa6 29.
cxb5 cxb5 30. Rc1 Rxd6 31. Qg5+ Re7 32. h4 Rxd4 33. h5 Rd5 34. Qh4 Be8 35. h6 Rh5 36. Qf6 Rf5 37. Qc3 Bd7 38. Qc7+ Ke8 39. Qb8+ Kf7 40. h7 1-0

[Event "*** Titled Tuesday Blitz"]
[Site "Chess.com"]
[Date "2020.04.07"]
[Round "9"]
[White "CyberneticLion"]
[Black "Tormoz"]
[Result "0-1"]
[WhiteElo "2523"]
[BlackElo "2677"]
[TimeControl "180+1"]
[EndTime "14:46:32 PDT"]
[Termination "Tormoz won by resignation"]

1. e4 e5 2. Nf3 Nf6 3. Nc3 Nc6 4. d4 exd4 5. Nxd4 Bc5 6. Be3 Bb6 7. Nf5 O-O 8. Bxb6 axb6 9. Ne3 Re8 10. f3 Qe7 11.
Qd2 Qb4 12. O-O-O d6 13. Ncd5 Nxd5 14. Nxd5 Qxd2+ 15. Kxd2 Rxa2 16. Nxc7 Rd8 17. Kc3 Ra5 18. Nb5 Be6 19. Rxd6 Rc8 20. Kd2 Ra1 21. g3 Ne5 22. c3 Bc4 23. Bg2 Rxh1 24. Bxh1 Bxb5 25. Rd5 Nc4+ 26.
Kc2 Ne3+ 27. Kb3 Nxd5 28. exd5 Bc4+ 0-1

[Event "*** Titled Tuesday Blitz"]
[Site "Chess.com"]
[Date "2020.04.07"]
[Round "9"]
[White "AndreyNeves"]
[Black "coalescenet"]
[Result "0-1"]
[WhiteElo "2192"]
[BlackElo "2350"]
[TimeControl "180+1"]
[EndTime "14:46:32 PDT"]
[Termination "coalescenet won by resignation"]

1. d4 d5 2. c4 e6 3. Nc3 Be7 4. Nf3 Nf6 5. Bg5 O-O 6. e3 c6 7. Rc1 Nbd7 8. Bd3 dxc4 9. Bxc4 c5 10. O-O Nb6 11. Bd3 cxd4 12. exd4 Bd7 13. Ne5 Rc8 14. Re1 Bc6 15. Bb1 Nbd5 16. Qd3 Nb4 17. Qh3 g6 18.
Bh6 Re8 19. Nxf7 Qxd4 20. Ng5 Qg4 21. Qxg4 Nxg4 22. Nxe6 Nxh6 23. a3 Nd5 24. Ba2 Nxc3 25. Rxc3 Kh8 26. Rce3 Bf6 27. b4 Nf5 28. R3e2 Nd4 29.
Nxd4 Bxd4 30. Rxe8+ Rxe8 31. Rd1 Bb2 32. a4 Bxa4 33. Bd5 Bxd1 34. g3 Re5 0-1

[Event "*** Titled Tuesday Blitz"]
[Site "Chess.com"]
[Date "2020.04.07"]
[Round "9"]
[White "Caracternin123"]
[Black "TheBigBoss04"]
[Result "1-0"]
[WhiteElo "2582"]
[BlackElo "2764"]
[TimeControl "180+1"]
[EndTime "14:46:33 PDT"]
[Termination "Caracternin123 won by resignation"]

1. d4 Nf6 2. Nf3 Nc6 3. d5 Nb8 4. c4 g6 5. Nc3 Bg7 6. e4 d6 7.
Be2 e5 8. O-O O-O 9. h3 a5 10.
Be3 Na6 11. Bd3 Nd7 12. Bc2 h6 13. g4 Nb4 14. Bb1 Nb6 15. Qe2 f5 16. exf5 gxf5 17. gxf5 Bxf5 18. Bxf5 Rxf5 19. Ne4 Qd7 20. Nh4 Rf7 21. Kh2 Qe7 22. Ng6 Qd7 23. Rg1 Qf5 24. Bxh6 Kh7 25. Nh4 Bxh6 26. Nxf5 Bf4+ 27. Kh1 Rxf5 28.
Qg4 1-0

[Event "*** Titled Tuesday Blitz"]
[Site "Chess.com"]
[Date "2020.04.07"]
[Round "9"]
[White "Blagorod"]
[Black "Martins-BR"]
[Result "0-1"]
[WhiteElo "2109"]
[BlackElo "2274"]
[TimeControl "180+1"]
[EndTime "14:46:34 PDT"]
[Termination "Martins-BR won by resignation"]

1. e4 c5 2. Nc3 a6 3. g3 b5 4. Bg2 Bb7 5. d3 e6 6. f4 d5 7. e5 h5 8. h3 Nc6 9. Nf3 Nh6 10. O-O Nf5 11. Kh2 Be7 12. a4 b4 13. Ne2 Qc7 14. c3 Rd8 15. d4 c4 16. Bd2 b3 17. Rh1 a5 18. Kg1 Kd7 19. Kf2 Nh6 20. Nh2 Rdg8 21. Nf3 f6 22. Nc1 Qb6 23. Be3 Nf5 24. Qe2 h4 25. gxh4 Nxh4 26. Nxh4 Rxh4 27. Qf3 f5 28. Ne2 g5 29. fxg5 Bxg5 30. Bxg5 Rxg5 31. Nf4 Nxe5 32. Qe3 Rxf4+ 33. Ke1 Nd3+ 34. Kd1 Rxg2 0-1